 Dungeon Crawl Stone Soup version 0.22-a0-423-g4197694 (webtiles) character file.

395112 iamserjio the Lord of Darkness (level 22, -3/175 HPs)
             Began as a Vampire Conjurer on May 23, 2018.
             Was the Champion of Kikubaaqudgha.
             Killed from afar by a deep troll earth mage (53 damage)
             ... with a blast of metal fragments
             ... led by an ironheart preserver
             ... on level 5 of the Vaults.
             The game lasted 04:55:52 (66967 turns).

iamserjio the Lord of Darkness (Vampire Conjurer)  Turns: 66967, Time: 04:55:53

Health: -3/175     AC: 27    Str: 10    XL:     22   Next: 17%
Magic:  37/47      EV: 18    Int: 28    God:    Kikubaaqudgha [******]
Gold:   753        SH: 21    Dex: 18    Spells: 14/46 levels left

rFire    . . .     SeeInvis +   e - +5 scimitar (vamp)
rCold    + . .     Gourm    .   J - +5 shield {rN+}
rNeg     + + +     Faith    .   C - +0 ring mail of Ikugets {rN+ Int+6 SInv Stlth-}
rPois    +         Spirit   .   F - +2 helmet {Int+3}
rElec    .         Reflect  +   s - +2 cloak
rCorr    .         Harm     .   v - +2 pair of gloves
MR       ++...                  L - +2 pair of boots {Fly}
Stlth    ++++......             t - +4 amulet of reflection
HPRegen  0.69/turn              S - ring of magical power
MPRegen  0.30/turn              u - +5 ring of protection

@: flying, very slightly contaminated, regenerating
A: fangs 3, molten scales 1, see invisible, dopey 1, unbreathing
}: 2/15 runes: barnacled, gossamer
a: Bat Form, Receive Corpses, Torment, Renounce Religion, Stop Flying


You were on level 5 of the Vaults.
You worshipped Kikubaaqudgha.
Kikubaaqudgha was exalted by your worship.
You were very thirsty.

You visited 8 branches of the dungeon, and saw 40 of its levels.
You also visited: Ice Cave.

You collected 4189 gold pieces.
You spent 3436 gold pieces at shops.

Inventory:

Hand Weapons
 e - a +5 vampiric scimitar (weapon)
 z - a +9 rapier of electrocution
 Q - the +0 whip of Qikhott {elec, rElec rF+++ rN+ MR-}
   (You took it off a deep elf annihilator on level 3 of the Elven Halls)

   Occasionally, upon striking a foe, it will discharge some electrical energy
   and cause terrible harm.
   It renders you almost immune to fire.
   It insulates you from electricity.
   It protects you from negative energy.
   It affects your resistance to hostile enchantments.
Armour
 c - the +1 cloak of Starlight {rElec rC+ EV+4 Stlth--}
   (You found it in an ice cave)

   It affects your evasion (+4).
   It protects you from cold.
   It insulates you from electricity.
   It makes you much less stealthy.
 s - a +2 cloak (worn)
 v - a +2 pair of gloves (worn)
 B - the +5 ring mail "Tiver" {MR+ Str+4 Dex+2}
   (You took it off a deep elf master archer on level 3 of the Elven Halls)

   It affects your strength (+4).
   It affects your dexterity (+2).
   It affects your resistance to hostile enchantments.
 C - the +0 ring mail of Ikugets (worn) {rN+ Int+6 SInv Stlth-}
   (You bought it in a shop on level 2 of the Orcish Mines)

   It affects your intelligence (+6).
   It protects you from negative energy.
   It lets you see invisible.
   It makes you less stealthy.
 F - a +2 helmet of intelligence (worn)
 J - a +5 shield of positive energy (worn)
 L - a +2 pair of boots of flying (worn)
Magical Staves
 O - an uncursed staff of power
Jewellery
 a - the ring of Pessimism {rPois rF+}
   (You took it off a deep elf annihilator on level 3 of the Elven Halls)

   [ring of protection from fire]

   It protects you from fire.
   It protects you from poison.
 t - a +4 amulet of reflection (around neck)
 u - a +5 ring of protection (right hand)
 M - an uncursed ring of wizardry
 R - an uncursed ring of protection from magic
 S - a ring of magical power (left hand)
 V - an uncursed ring of resist corrosion
Wands
 f - a wand of iceblast (14)
 P - a wand of digging (46)
 T - a wand of paralysis (24)
 W - a wand of clouds (12)
 X - a wand of acid (6)
Scrolls
 b - 3 scrolls of enchant weapon
 k - 10 scrolls of remove curse
 m - 7 scrolls of fear
 n - a scroll of magic mapping
 q - 8 scrolls of fog
 r - 13 scrolls of teleportation
 y - 2 scrolls of blinking
 H - 11 scrolls of identify
 Z - 3 scrolls of enchant armour
Potions
 g - 4 potions of brilliance
 h - 11 potions of might
 i - 19 potions of curing
 j - 8 potions of agility
 l - 11 potions of blood
 o - a potion of invisibility
 p - 5 potions of magic
 w - 5 potions of cancellation
 A - 7 potions of haste
 E - 2 potions of mutation
 G - a potion of heal wounds
 U - a potion of resistance
Miscellaneous
 d - a phantom mirror
 D - a lamp of fire
 K - a lightning rod (4/4)
 N - a phial of floods (inert)


   Skills:
 - Level 15.0 Fighting
 - Level 11.9(12.0) Short Blades
 - Level 1.5(7.2) Long Blades
 - Level 8.0 Armour
 - Level 12.2 Dodging
 - Level 10.0 Stealth
 * Level 12.7 Shields
 * Level 12.7 Spellcasting
   Level 5.0 Conjurations
 - Level 9.0 Hexes
 * Level 20.7 Necromancy
 + Level 15.6 Earth Magic


You had 14 spell levels left.
You knew the following spells:

 Your Spells              Type           Power        Failure   Level  Hunger
a - Death Channel         Necr           #######...   1%          6    ####...
b - Borgnjor's Vile Clut  Necr/Erth      #######...   1%          5    ##.....
c - Confuse               Hex            ######..     1%          3    None
d - Vampiric Draining     Necr           #######...   0%          3    None
e - Animate Dead          Necr           N/A          1%          4    None
f - Infestation           Necr           #######...   12%         8    #######
g - Regeneration          Chrm/Necr      ######....   1%          3    None

Your spell library contained the following spells:

 Spells                   Type           Power        Failure   Level  Hunger
 Cause Fear               Hex            ######....   2%          4    None
 Magic Dart               Conj           ####         1%          1    None
 Fireball                 Conj/Fire      ####......   65%         5    ##.....
 Apportation              Tloc           ###...       9%          1    None
 Conjure Flame            Conj/Fire      ####....     10%         3    None
 Bolt of Fire             Conj/Fire      ####......   99%         6    ####...
 Bolt of Cold             Conj/Ice       ####......   99%         6    ####...
 Bolt of Magma            Conj/Fire/Erth ######....   16%         5    ##.....
 Invisibility             Hex            ######..     34%         6    ####...
 Throw Flame              Conj/Fire      ####..       4%          2    None
 Throw Frost              Conj/Ice       ####..       4%          2    None
 Freezing Cloud           Conj/Ice/Air   ####......   100%        6    ####...
 Mephitic Cloud           Conj/Pois/Air  ####....     14%         3    None
 Ring of Flames           Chrm/Fire      ###.......   100%        7    ######.
 Death's Door             Chrm/Necr      ######....   100%        8    #######
 Summon Small Mammal      Summ           ###.         9%          1    None
 Bolt of Draining         Conj/Necr      ######....   1%          5    ##.....
 Iskenderun's Mystic Bla  Conj           #####...     12%         4    None
 Pain                     Necr           ####         0%          1    None
 Animate Skeleton         Necr           N/A          0%          1    None
 Haunt                    Necr/Summ      ######....   73%         7    ######.
 Borgnjor's Revivificati  Necr           #######...   12%         8    #######
 Freeze                   Ice            ###.         9%          1    None
 Ozocubu's Refrigeration  Ice            ###.......   100%        6    ####...
 Sticky Flame             Conj/Fire      ####....     32%         4    None
 Summon Ice Beast         Ice/Summ       ###.....     65%         4    None
 Ozocubu's Armour         Chrm/Ice       ###.....     26%         3    None
 Call Imp                 Summ           ###.....     14%         2    None
 Dispel Undead            Necr           #######.     1%          5    ##.....
 Sublimation of Blood     Necr           #######...   0%          2    None
 Tukima's Dance           Hex            ######..     1%          3    None
 Corpse Rot               Necr           N/A          0%          2    None
 Iron Shot                Conj/Erth      ######....   21%         6    ####...
 Stone Arrow              Conj/Erth      ######       1%          3    None
 Swiftness                Chrm/Air       ###.....     14%         2    None
 Agony                    Necr           #######.     1%          5    ##.....
 Spider Form              Tmut/Pois      ###.......   26%         3    None
 Blade Hands              Tmut           ###.......   94%         5    ##.....
 Statue Form              Tmut/Erth      ######...    50%         6    ####...
 Ice Form                 Ice/Tmut       ###.....     65%         4    None
 Necromutation            Tmut/Necr      ######....   100%        8    #######
 Deflect Missiles         Chrm/Air       ###.......   100%        6    ####...
 Throw Icicle             Conj/Ice       ####....     32%         4    None
 Confusing Touch          Hex            ######       1%          1    None
 Flame Tongue             Conj/Fire      ####.        3%          1    None
 Passwall                 Tmut/Erth      ######....   1%          2    None
 Ignite Poison            Fire/Tmut/Pois ###.....     26%         3    None
 Sticks to Snakes         Tmut           ###.....     14%         2    None
 Call Canine Familiar     Summ           ###.....     26%         3    None
 Metabolic Englaciation   Hex/Ice        #####.....   36%         5    ##.....
 Summon Butterflies       Summ           ###.....     9%          1    None
 Silence                  Hex/Air        #####.....   36%         5    ##.....
 Shatter                  Erth           #######...   100%        9    #######
 Alistair's Intoxication  Tmut/Pois      ###.....     94%         5    ##.....
 Lee's Rapid Deconstruct  Erth           #######...   1%          5    ##.....
 Sandblast                Erth           ######       0%          1    None
 Simulacrum               Ice/Necr       ######....   21%         6    ####...
 Conjure Ball Lightning   Conj/Air       ####......   99%         6    ####...
 Excruciating Wounds      Chrm/Necr      ######....   3%          5    ##.....
 Petrify                  Tmut/Erth      ######..     3%          4    None
 Passage of Golubria      Tloc           N/A          65%         4    None
 Leda's Liquefaction      Hex/Erth       ######....   1%          4    None
 Darkness                 Hex            ######....   34%         6    ####...
 Inner Flame              Hex/Fire       #####...     4%          3    None
 Beastly Appendage        Tmut           ###...       9%          1    None
 Iskenderun's Battlesphe  Conj/Chrm      ####....     65%         5    ##.....
 Fulminant Prism          Conj/Hex       ######....   4%          4    None
 Dazzling Spray           Conj/Hex       ######       1%          3    None
 Force Lance              Conj/Tloc      ####....     32%         4    None
 Searing Ray              Conj           #####.       1%          2    None
 Discord                  Hex            ######....   100%        8    #######
 Summon Lightning Spire   Summ/Air       ###.....     65%         4    None
 Summon Guardian Golem    Hex/Summ       #####...     4%          3    None
 Gell's Gravitas          Tloc           ###.......   26%         3    None
 Yara's Violent Unravell  Hex/Tmut       #####.....   36%         5    ##.....
 Lesser Beckoning         Tloc           ###.......   26%         3    None
 Poisonous Vapours        Pois/Air       ###...       14%         2    None
 Ignition                 Fire           ###.......   100%        8    #######


Dungeon Overview and Level Annotations

Branches:
Dungeon (15/15)            Temple (1/1) D:6            Lair (6/6) D:11
 Shoals (4/4) Lair:2       Spider (4/4) Lair:3        Slime (0/5) Lair:5
    Orc (2/2) D:12            Elf (3/3) Orc:2        Vaults (5/5) D:14
  Crypt (0/3) Vaults:2     Depths (0/5) D:15

Altars:
Ashenzari
Cheibriados
Dithmenos
Elyvilon
Fedhas
Gozag
Hepliaklqana
Kikubaaqudgha
Makhleb
Nemelex Xobeh
Okawaru
Qazlal
Ru
Sif Muna
Trog
Uskayaw
Wu Jian
Yredelemnul
Zin
The Shining One
Beogh

Shops:
D:8 =   D:12 *   D:14 *   D:15 **[==   Orc:2 ![:*   Elf:1 :   Shoals:1 ?
Vaults:2 ?!

Annotations:
Lair:3 azzavlup's ghost, journeyman DrSk
Elf:2 5 runed doors, 1 exclusion


Innate Abilities, Weirdness & Mutations

You heal slowly.
You have razor-sharp teeth.
You have supernaturally acute eyesight. (SInv)
You can survive without breathing.
You are partially covered in molten scales. (AC +2)
You are dopey. (Int -2)


Message History

Confirm with . or Enter, or press ? or * to list all spells.
Aiming: Vampiric Draining (safe; 0% risk of failure)
Press: ? - help, Shift-Dir - straight line, f/p - deep troll earth mage
Aim: a deep troll earth mage (moderately wounded)
The deep troll earth mage is heavily wounded.
You feel life coursing into your body.
You block the deep troll earth mage's attack.
The deep troll earth mage claws you but does no damage.
The deep troll earth mage closely misses you.
Casting: Vampiric Draining (safe; 0% risk of failure)
Confirm with . or Enter, or press ? or * to list all spells.
Aiming: Vampiric Draining (safe; 0% risk of failure)
Press: ? - help, Shift-Dir - straight line, f/p - deep troll earth mage
Aim: a deep troll earth mage (heavily wounded)
The deep troll earth mage is severely wounded.
You feel life coursing into your body.
The deep troll earth mage points at you and mumbles some strange words.
The metal wall shatters!
The blast of metal fragments hits you!
You die...
Kikubaaqudgha rasps: "You have failed me!
Welcome... oblivion!"

....# ##....# ......#
......# ......# ......#
#################......#
.#.#.#.#.#.#.#.#@#
#.#.#.#.#.#.#.#T#.#
.#.#.#.#.#.#.#.#.#.#
#.#.#.#.#.#.#.#.#.#.#
.#.#.#.#.#.#T#.#.#.##
#.#.#.#.#.#.#.#.#.#.#
.#.#.#.#.#.#.#.#.#.##
#.#.#.#.#.#.#.#.#.#.#
.#.#.#.#.#.#.#.#.#.##


You could see a deep troll and a deep troll earth mage.

Vanquished Creatures
  Frederick (Vaults:4)
  Rupert (Orc:2)
  2 deep elf master archers (Elf:3)
  3 ancient champions (Vaults:2)
  2 deep elf blademasters
  A kraken (Shoals:3)
  Kirke (Shoals:1)
  A sphinx (Vaults:5)
  Roxanne (Elf:2)
  A tengu reaver (Vaults:4)
  An azure jelly (Elf:1)
  3 deep elf sorcerers
  4 vault wardens
  A frost giant (Vaults:3)
  Louise (Shoals:1)
  2 ghost moths (Spider:4)
  3 emperor scorpions
  5 deep elf elementalists
  2 stone giants (Vaults:3)
  A war gargoyle (Vaults:5)
  12 ironheart preservers
  3 very ugly things (Vaults:2)
  An entropy weaver (Spider:4)
  A spark wasp (Spider:4)
  8 deep elf demonologists
  10 deep elf annihilators (Elf:3)
  3 deep elf death magi
  Snorg (D:13)
  3 merfolk javelineers (Shoals:4)
  5 ettins
  2 blizzard demons (IceCv)
  Josephine (D:13)
  A fire dragon (Vaults:1)
  4 merfolk impalers
  4 deep elf high priests
  5 yaktaur captains
  3 great orbs of eyes
  21 vault guards
  2 rakshasas
  2 ice dragons
  Harold (Lair:1)
  4 hydras
  3 merfolk aquamancers
  2 death knights
  8 ogre magi
  2 merfolk avatars (Shoals:4)
  3 centaur warriors
  11 dancing weapons
  5 death yaks
  25 two-headed ogres
  2 deep troll shamans
  A deep troll earth mage (Vaults:2)
  21 deep elf knights
  A small abomination (Elf:1)
  The ghost of Veiltonx the Merchant of Misery, a novice DsNe of Kikubaaqudgha (D:8)
  Sonja (D:12)
  2 shadow wraiths (Vaults:4)
  2 flayed ghosts (Vaults:4)
  A glowing orange brain (Vaults:3)
  3 skeletal warriors
  4 wizards
  3 unseen horrors
  7 sea snakes
  8 deep elf archers
  7 harpies
  8 deep trolls
  10 ironbrand convokers
  6 orc knights
  9 necromancers
  7 orc sorcerers
  12 orb spiders
  7 fauns
  15 wolf spiders
  4 cyclopes
  53 deep elf magi
  12 manticores
  22 ugly things
  A cyclops (shapeshifter) (Vaults:4)
  6 vault sentinels
  Maurice (D:8)
  7 merfolk sirens
  5 ice statues
  3 black mambas
  5 elephants (Lair:5)
  A naga mage (D:15)
  2 water nymphs (Shoals:1)
  2 gargoyles (D:14)
  Psyche (D:8)
  2 torpor snails
  A rime drake (Lair:6)
  9 spiny frogs
  An efreet (D:13)
  3 human zombies (Vaults:2)
  5 demonic crawlers
  3 komodo dragons
  23 yaktaurs
  A yaktaur (shapeshifter) (Vaults:1)
  A kobold demonologist (D:15)
  A yaktaur skeleton (Vaults:2)
  4 anaconda simulacra (IceCv)
  8 freezing wraiths
  12 ice devils (IceCv)
  11 hornets
  Prince Ribbit (D:9)
  3 meliai (D:14)
  A shadow dragon simulacrum (Vaults:3)
  9 trolls
  9 polar bears
  15 jumping spiders
  14 merfolk
  5 slime creatures
  6 blink frogs
  A wind drake (Shoals:2)
  A blink frog (shapeshifter) (Vaults:1)
  6 snapping turtles
  11 hippogriffs
  4 dream sheep
  13 tarantellas
  6 wraiths
  2 shadows
  2 dire elephant simulacra (IceCv)
  An ettin skeleton (Vaults:3)
  13 spriggans (Lair:6)
  6 water elementals
  35 redbacks
  A hog (Shoals:1)
  6 wyverns
  A hog (shapeshifter) (D:14)
  59 yaks
  3 basilisks
  A fire elemental (Elf:3)
  3 steam dragons (D:8)
  3 hungry ghosts
  2 vampire mosquitoes (D:15)
  A warg (Orc:1)
  A harpy simulacrum (IceCv)
  A soldier ant (D:14)
  2 acid dragons (shapeshifter)
  14 water moccasins
  A hydra simulacrum (IceCv)
  5 porcupines
  16 orc warriors
  12 ice beasts
  2 black bears
  2 phantoms
  5 sky beasts
  2 necrophages
  2 ettin simulacra (IceCv)
  4 boggarts (Lair:6)
  4 eyes of draining
  22 wolves
  6 centaurs
  42 ogres
  17 crocodiles
  An elf zombie (Elf:1)
  6 big kobolds
  13 bullfrogs
  A gnoll sergeant (D:8)
  A wyvern zombie (D:9)
  3 earth elementals
  A wyvern skeleton (D:6)
  6 scorpions
  4 killer bees (D:8)
  11 wights
  An electric eel (Spider:4)
  8 crimson imps
  4 centaur zombies
  2 quasits
  14 orc priests
  10 hounds
  7 jellies
  3 centaur skeletons
  An iron imp (D:7)
  A bullfrog zombie (D:11)
  2 iguanas
  20 orc wizards
  13 worker ants
  A hound zombie (D:6)
  2 hound skeletons
  A howler monkey zombie (D:10)
  A worker ant zombie (D:7)
  11 gnolls
  12 adders
  4 shadow imps
  A white imp (Lair:5)
  8 oozes
  2 adder skeletons
  3 adder zombies
  A worm (D:2)
  A dart slug (D:1)
  4 leopard geckos
  84 orcs
  4 bats
  10 giant cockroaches
  7 goblins
  12 hobgoblins
  5 jackals
  22 kobolds
  5 quokkas
  3 ball pythons
  6 frilled lizards
  5 rats
  A crawling corpse (Elf:1)
  3 fungi
  2 tentacles (Shoals:3)
1299 creatures vanquished.

Vanquished Creatures (collateral kills)
  2 tentacled monstrosities (Vaults:5)
  2 titans (Vaults:5)
  A storm dragon (Vaults:5)
  Ilsuiw (Shoals:4)
  A tengu reaver (Vaults:5)
  3 ghost moths
  2 emperor scorpions
  An iron dragon (Vaults:5)
  14 vault wardens
  A deep elf elementalist (Vaults:5)
  4 ironheart preservers
  5 entropy weavers
  A very ugly thing (Vaults:2)
  5 stone giants
  Nessos (D:14)
  A spark wasp (Spider:4)
  2 ettins (Vaults:5)
  2 deep elf death magi (Vaults:5)
  A merfolk javelineer (Shoals:4)
  4 merfolk impalers (Shoals:4)
  A deep elf high priest (Vaults:5)
  2 yaktaur captains
  A hydra (Lair:6)
  An ice dragon (Vaults:2)
  12 vault guards
  4 merfolk aquamancers
  A merfolk avatar (Shoals:3)
  A centaur warrior (Vaults:1)
  2 satyrs (Shoals:3)
  4 ogre magi
  A death knight (Vaults:3)
  11 two-headed ogres
  A deep elf knight (Vaults:2)
  A skeletal warrior (Vaults:3)
  An unseen horror (Vaults:1)
  2 sea snakes
  A glowing orange brain (Vaults:1)
  4 deep trolls
  A wizard (Vaults:1)
  10 harpies
  4 deep elf archers
  A flayed ghost (Vaults:5)
  3 orc knights
  10 orb spiders
  10 wolf spiders
  A necromancer (Vaults:5)
  3 ironbrand convokers
  An orc sorcerer (Vaults:4)
  A human zombie (Vaults:3)
  4 manticores
  13 ugly things
  8 deep elf magi
  2 fauns (Shoals:3)
  2 cyclopes (Shoals:4)
  2 merfolk sirens
  2 moths of wrath (Spider:4)
  A frost giant skeleton (Vaults:2)
  7 vault sentinels
  3 water nymphs (Shoals:4)
  A spiny frog (Lair:6)
  16 yaktaurs
  4 freezing wraiths
  2 komodo dragons (Lair:6)
  5 demonic crawlers
  16 jumping spiders
  2 polar bears (Lair:6)
  17 merfolk
  3 wind drakes
  2 ettin zombies (Vaults:5)
  10 hornets
  3 dream sheep
  A hippogriff (Shoals:4)
  7 snapping turtles
  2 stone giant simulacra
  12 tarantellas
  4 water elementals
  23 redbacks
  2 yaks (Lair:6)
  An elf skeleton (Vaults:5)
  A water moccasin (Lair:6)
  An ice beast (shapeshifter) (Vaults:4)
  A black bear (Lair:6)
  3 orc warriors
  7 ogres
  4 wolves (Lair:6)
  A centaur (Shoals:2)
  A crocodile (Lair:6)
  A bullfrog (D:12)
  3 human skeletons
  A yaktaur simulacrum (Vaults:1)
  An orc wizard (Vaults:4)
  5 hell rats (Lair:6)
  3 orcs
  A plant (Shoals:1)
  2 tentacles (Shoals:3)
363 creatures vanquished.

Vanquished Creatures (others)
  A sphinx (Vaults:4)
  A stone giant (Vaults:3)
  2 merfolk javelineers
  A yaktaur captain (Vaults:2)
  2 merfolk aquamancers
  A centaur warrior (Vaults:1)
  An unseen horror (Vaults:1)
  An orc knight (Vaults:3)
  A wolf spider (Spider:4)
  2 cyclopes
  7 yaktaurs
  A wight (D:15)
  An orc wizard (Vaults:1)
  An orc (Vaults:2)
  17 fungi
  6 plants
  14 tentacles (Shoals:3)
60 creatures vanquished.

Grand Total: 1722 creatures vanquished

Notes
Turn   | Place    | Note
-------+----------+-------------------------------------------
     0 | D:1      | iamserjio the Vampire Conjurer began the quest for the Orb.
     0 | D:1      | Reached XP level 1. HP: 13/13 MP: 3/3
   284 | D:1      | Reached XP level 2. HP: 16/19 MP: 1/5
  1070 | D:2      | Reached XP level 3. HP: 22/24 MP: 6/6
  1237 | D:2      | Learned a level 2 spell: Searing Ray
  2198 | D:2      | Reached skill level 1 in Fighting
  3147 | D:3      | Found a bloodstained altar of Trog.
  3176 | D:3      | Found a blossoming altar of Fedhas.
  3190 | D:3      | Reached XP level 4. HP: 32/32 MP: 7/7
  3196 | D:3      | Reached skill level 5 in Stealth
  3414 | D:3      | Reached XP level 5. HP: 35/38 MP: 2/8
  4782 | D:4      | Reached skill level 1 in Short Blades
  5336 | D:4      | Reached XP level 6. HP: 36/44 MP: 9/9
  5393 | D:4      | Learned a level 3 spell: Confuse
  5409 | D:4      | Reached skill level 1 in Hexes
  6721 | D:5      | Entered Level 5 of the Dungeon
  7338 | D:5      | Noticed an ice beast
  7367 | D:5      | Killed an ice beast
  7367 | D:5      | Reached XP level 7. HP: 32/50 MP: 2/10
  8035 | D:5      | Reached skill level 5 in Dodging
  8952 | D:5      | Found a hazy altar of Hepliaklqana.
  9111 | D:6      | Reached skill level 5 in Short Blades
  9111 | D:6      | Reached skill level 5 in Hexes
  9111 | D:6      | Reached XP level 8. HP: 27/56 MP: 7/11
  9735 | D:6      | Found a staircase to the Ecumenical Temple.
  9833 | Temple   | Entered the Ecumenical Temple
  9859 | Temple   | Became a worshipper of Kikubaaqudgha
 10541 | D:6      | Found a glowing silver altar of Zin.
 10541 | D:6      | Found an opulent altar of Gozag.
 10653 | D:7      | Found an ornate altar of the Wu Jian Council.
 10717 | D:7      | Found a burning altar of Makhleb.
 11571 | D:7      | Reached XP level 9. HP: 61/61 MP: 13/13
 11936 | D:8      | Noticed Maurice
 11940 | D:8      | Noticed Psyche
 11945 | D:8      | Noticed Veiltonx's ghost (novice DsNe)
 11951 | D:8      | Killed Maurice
 11964 | D:8      | Killed Psyche
 12350 | D:8      | Found Kytri's Jewellery Shop.
 12353 | D:8      | Bought an uncursed ring of stealth for 227 gold pieces
 12444 | D:8      | Reached * piety under Kikubaaqudgha
 12444 | D:8      | Identified Kikubaaqudgha's Reference Book on Evil (Kikubaaqudgha gifted it to you on level 8 of the Dungeon)
 12444 | D:8      | Received a gift from Kikubaaqudgha
 12688 | D:8      | Reached skill level 1 in Necromancy
 12688 | D:8      | Reached XP level 10. HP: 71/73 MP: 9/17
 12694 | D:8      | Reached skill level 5 in Spellcasting
 12694 | D:8      | Reached skill level 2 in Necromancy
 13249 | D:8      | Reached skill level 3 in Necromancy
 13406 | D:8      | Found an iron altar of Okawaru.
 13487 | D:8      | Killed Veiltonx's ghost
 13487 | D:8      | Reached ** piety under Kikubaaqudgha
 13487 | D:8      | Reached skill level 5 in Fighting
 13487 | D:8      | Reached skill level 4 in Necromancy
 13761 | D:9      | Found a deep blue altar of Sif Muna.
 13797 | D:9      | Reached skill level 5 in Necromancy
 14013 | D:9      | Found a sacrificial altar of Ru.
 14329 | D:9      | Reached skill level 6 in Necromancy
 14399 | D:9      | Noticed Prince Ribbit
 14408 | D:9      | Killed Prince Ribbit
 14408 | D:9      | Reached skill level 7 in Necromancy
 14896 | D:9      | Reached skill level 8 in Necromancy
 15352 | D:9      | Learned a level 3 spell: Vampiric Draining
 15500 | D:10     | Entered Level 10 of the Dungeon
 15571 | D:10     | Reached skill level 9 in Necromancy
 15666 | D:10     | Reached XP level 11. HP: 61/79 MP: 12/18
 15789 | D:10     | Noticed an unseen horror
 15809 | D:10     | Killed an unseen horror
 15887 | D:10     | Reached skill level 10 in Necromancy
 15968 | D:10     | Noticed a two-headed ogre
 16639 | D:10     | Killed a two-headed ogre
 17373 | D:11     | Noticed an unseen horror
 17409 | D:11     | Killed an unseen horror
 17618 | D:11     | Reached skill level 11 in Necromancy
 17662 | D:11     | Learned a level 4 spell: Animate Dead
 17742 | D:11     | Reached *** piety under Kikubaaqudgha
 17742 | D:11     | Identified Kikubaaqudgha's Almanac of Stolen Souls (Kikubaaqudgha gifted it to you on level 11 of the Dungeon)
 17742 | D:11     | Received a gift from Kikubaaqudgha
 17754 | D:11     | Learned a level 5 spell: Bolt of Draining
 17766 | D:11     | Noticed a red ugly thing
 17790 | D:11     | Killed a red ugly thing
 17792 | D:11     | Found a staircase to the Lair.
 18112 | D:12     | Found a staircase to the Orcish Mines.
 18117 | D:12     | Found a roughly hewn altar of Beogh.
 18186 | D:12     | Reached skill level 1 in Armour
 18258 | D:12     | Noticed Sonja
 18265 | D:12     | Killed Sonja
 18454 | D:12     | Noticed a green ugly thing
 18477 | D:12     | Killed a green ugly thing
 18617 | D:12     | Reached XP level 12. HP: 75/88 MP: 19/19
 18763 | D:12     | Reached skill level 10 in Short Blades
 18810 | D:12     | Found Cueneu's General Store.
 18813 | D:12     | Found a shattered altar of Ashenzari.
 19050 | D:12     | Reached **** piety under Kikubaaqudgha
 19096 | D:12     | Reached skill level 10 in Stealth
 19223 | D:12     | Noticed a two-headed hydra
 19279 | D:12     | Killed a two-headed hydra
 19833 | D:13     | Reached skill level 12 in Necromancy
 20067 | D:13     | Noticed Josephine
 20507 | D:13     | Reached skill level 1 in Shields
 21089 | D:13     | Noticed Snorg
 21092 | D:13     | Killed Snorg
 21232 | D:13     | Killed Josephine
 21299 | Orc:1    | Entered Level 1 of the Orcish Mines
 21432 | Orc:2    | Entered Level 2 of the Orcish Mines
 21551 | Orc:1    | Reached skill level 5 in Armour
 21582 | Orc:1    | Found a roughly hewn altar of Beogh.
 22140 | Orc:2    | Found a staircase to the Elven Halls.
 22160 | Orc:2    | Found a burning altar of Makhleb.
 22169 | Orc:2    | Found Eviph's Distillery.
 22170 | Orc:2    | Found Vuqolong's Armour Boutique.
 22171 | Orc:2    | Noticed a two-headed ogre
 22171 | Orc:2    | Noticed Rupert
 22171 | Orc:2    | Noticed a two-headed ogre
 22231 | D:12     | Reached ***** piety under Kikubaaqudgha
 22407 | Orc:2    | Killed a two-headed ogre
 22407 | Orc:2    | Reached XP level 13. HP: 89/96 MP: 22/22
 23715 | Orc:2    | Killed Rupert
 24550 | Orc:2    | Found Ogameog's Book Shoppe.
 24580 | Orc:2    | Bought a potion of degeneration for 15 gold pieces
 24583 | Orc:2    | Found Mevoariq's Assorted Antiques.
 24771 | Orc:2    | Reached skill level 10 in Dodging
 24981 | Orc:2    | Bought a potion of heal wounds for 135 gold pieces
 24992 | Orc:2    | Bought 2 potions of heal wounds for 150 gold pieces
 24992 | Orc:2    | Bought a potion of curing for 45 gold pieces
 24992 | Orc:2    | Bought a potion of curing for 45 gold pieces
 24992 | Orc:2    | Bought a potion of brilliance for 60 gold pieces
 24997 | Orc:2    | Bought the +0 ring mail of Ikugets {rN+ Int+6 SInv Stlth-} for 428 gold pieces
 25086 | Lair:1   | Entered Level 1 of the Lair of Beasts
 26046 | Lair:1   | Noticed Harold
 26064 | Lair:1   | Killed Harold
 26064 | Lair:1   | Reached skill level 13 in Necromancy
 27034 | Lair:2   | Found a staircase to the Shoals.
 27659 | Lair:3   | Reached XP level 14. HP: 105/105 MP: 22/25
 27768 | Lair:3   | Found a hole to the Spider Nest.
 27865 | Lair:3   | Learned a level 4 spell: Leda's Liquefaction
 27911 | Lair:3   | Noticed azzavlup's ghost (journeyman DrSk)
 28050 | Lair:3   | Found a runed door.
 29214 | Lair:4   | Reached skill level 1 in Earth Magic
 31866 | Lair:5   | Found a staircase to the Slime Pits.
 32249 | Lair:5   | Reached ****** piety under Kikubaaqudgha
 32637 | Lair:6   | Entered Level 6 of the Lair of Beasts
 34009 | Lair:6   | Reached skill level 5 in Conjurations
 34340 | Lair:6   | Reached skill level 5 in Earth Magic
 34527 | Lair:6   | Reached skill level 1 in Long Blades
 34767 | Lair:6   | Got a spiked chain mail
 34778 | Lair:6   | Identified the cursed +0 chain mail "Kiatref" {Str+6} (You found it on level 6 of the Lair of Beasts)
 34985 | Lair:6   | Reached XP level 15. HP: 52/115 MP: 27/27
 35214 | Lair:6   | Identified a scroll of acquirement
 35226 | Lair:6   | Received a gift from Kikubaaqudgha
 35939 | Lair:6   | Learned a level 4 spell: Iskenderun's Mystic Blast
 36081 | Lair:5   | Learned a level 6 spell: Death Channel
 36119 | Spider:1 | Entered Level 1 of the Spider Nest
 36892 | D:14     | Found Loabasoi's Pet Rocks.
 37114 | D:14     | Reached skill level 10 in Fighting
 37220 | D:14     | Noticed Nessos
 37239 | D:14     | Killed Nessos
 37755 | D:14     | Reached skill level 5 in Shields
 37936 | D:14     | Found a gate to the Vaults.
 37980 | D:15     | Entered Level 15 of the Dungeon
 37980 | D:15     | Found Geshe's Assorted Antiques.
 37985 | D:15     | Bought a scroll of fear for 66 gold pieces
 37985 | D:15     | Bought a pair of glowing boots for 142 gold pieces
 39220 | D:15     | Found Wearuav's Assorted Antiques.
 39246 | D:15     | Found Famoplas's Armour Emporium.
 39365 | D:15     | Found Emnuosue's Jewellery Shop.
 39533 | D:15     | Found a shadowy altar of Dithmenos.
 39579 | D:15     | Reached skill level 14 in Necromancy
 39710 | D:15     | Found a staircase to the Depths.
 40078 | D:15     | Found Woynkuk's Jewellery Shoppe.
 40218 | D:15     | Bought a bloodstained dagger for 210 gold pieces
 40412 | Elf:1    | Entered Level 1 of the Elven Halls
 40945 | Elf:1    | Noticed an azure jelly
 40964 | Elf:1    | Killed an azure jelly
 40984 | Elf:1    | Found a frozen archway.
 40990 | IceCv    | Entered an ice cave
 44698 | IceCv    | Found the +1 cloak of Starlight {rElec rC+ EV+4 Stlth--}
 44901 | IceCv    | Got a creamy pearl robe
 44914 | IceCv    | Identified the cursed +1 robe of Going Fast {rElec Str-4 Int+5} (You found it in an ice cave)
 45084 | Elf:1    | Found Foneoloc's Book Boutique.
 45272 | Elf:1    | Reached XP level 16. HP: 125/126 MP: 2/29
 45328 | Elf:1    | Identified Otimmot's Collected Works on Darkness
 46893 | Elf:2    | Noticed Roxanne
 47078 | Elf:2    | Noticed a Brimstone Fiend
 47656 | Elf:2    | Noticed a Hell Sentinel
 48428 | Elf:2    | Found a huge runed gate.
 48428 | Elf:2    | Found a huge runed gate.
 48428 | Elf:2    | Found a huge runed gate.
 48428 | Elf:2    | Found a huge runed gate.
 48428 | Elf:2    | Found a huge runed gate.
 49767 | Elf:2    | Killed Roxanne
 49773 | Elf:2    | Identified Roxanne's Guide on Earth (You took it off Roxanne on level 2 of the Elven Halls)
 49782 | Elf:2    | Learned a level 5 spell: Borgnjor's Vile Clutch
 49977 | Elf:3    | Entered Level 3 of the Elven Halls
 50516 | Elf:3    | Reached skill level 15 in Necromancy
 51721 | Elf:3    | Noticed a Hell Sentinel
 51864 | Elf:3    | Noticed a Brimstone Fiend
 52459 | Elf:3    | Reached XP level 17. HP: 134/135 MP: 30/30
 52482 | Elf:3    | Noticed a deep elf blademaster
 52643 | Elf:2    | Killed a deep elf blademaster
 53005 | Elf:3    | Reached skill level 16 in Necromancy
 53005 | Elf:3    | Reached skill level 10 in Earth Magic
 53013 | Elf:3    | Got a twisted broad axe {freeze}
 53042 | Elf:3    | Noticed a deep elf blademaster
 53065 | Elf:3    | Killed a deep elf blademaster
 53077 | Elf:3    | Identified the +8 broad axe of the Ghost {freeze, +Blink +Inv rElec rF+} (You took it off a deep elf demonologist on level 3 of the Elven Halls)
 53176 | Elf:3    | Reached XP level 18. HP: 122/143 MP: 19/31
 53213 | Elf:3    | Got a fine glass ring
 53585 | Elf:3    | Identified the ring of Pessimism {rPois rF+} (You took it off a deep elf annihilator on level 3 of the Elven Halls)
 53683 | Elf:3    | Identified the Catalogue of Good Luck
 53696 | Elf:3    | Identified Siamaq's Papyrus of Gliding Darkness
 53720 | Elf:3    | Identified the Handbook of Icy Dark Secrets
 53775 | Elf:3    | Identified the +0 whip of Qikhott {elec, rElec rF+++ rN+ MR-} (You took it off a deep elf annihilator on level 3 of the Elven Halls)
 53791 | Elf:3    | Identified the +5 ring mail "Tiver" {MR+ Str+4 Dex+2} (You took it off a deep elf master archer on level 3 of the Elven Halls)
 53808 | Elf:3    | Identified the +1 long sword of the Eight Hells {drain, rF++} (You took it off a deep elf archer on level 3 of the Elven Halls)
 53853 | Elf:3    | Got a twisted great sword {freeze}
 53899 | Elf:2    | Identified the +10 great sword "Geolycat" {freeze, Dex+4} (You took it off a deep elf annihilator on level 3 of the Elven Halls)
 53977 | Orc:2    | Bought a potion of haste for 150 gold pieces
 53988 | Orc:2    | Bought a potion of haste for 270 gold pieces
 53988 | Orc:2    | Bought a scroll of amnesia for 94 gold pieces
 53988 | Orc:2    | Bought a potion of curing for 81 gold pieces
 55204 | Spider:2 | Got a brightly glowing scale mail
 55321 | Spider:3 | Reached skill level 17 in Necromancy
 55596 | Spider:3 | Identified the +1 scale mail of the Storm King {rN+ rCorr} (You found it on level 2 of the Spider Nest)
 55755 | Spider:4 | Entered Level 4 of the Spider Nest
 56103 | Spider:4 | Reached XP level 19. HP: 86/151 MP: 4/32
 56137 | Spider:4 | Got a gossamer rune of Zot
 56853 | Shoals:1 | Entered Level 1 of the Shoals
 56874 | Shoals:1 | Noticed Kirke
 56889 | Shoals:1 | Killed Kirke
 57108 | Shoals:1 | Found Ahiet's Magic Scroll Emporium.
 57147 | Shoals:1 | Noticed Louise
 57173 | Shoals:1 | Killed Louise
 57173 | Shoals:1 | Reached skill level 10 in Spellcasting
 57175 | Shoals:1 | Bought a scroll of magic mapping for 70 gold pieces
 57175 | Shoals:1 | Bought a scroll of fog for 40 gold pieces
 57361 | Shoals:2 | Got a transparent leather armour
 57744 | Shoals:2 | Got a translucent leather armour
 57902 | Shoals:3 | Reached skill level 18 in Necromancy
 58544 | Shoals:4 | Entered Level 4 of the Shoals
 58626 | Shoals:4 | Identified the +1 leather armour "Unwohy" {*Drain rPois rC- Str+5} (You found it on level 2 of the Shoals)
 58637 | Shoals:4 | Noticed Ilsuiw
 58653 | Shoals:4 | Killed Ilsuiw
 58892 | Shoals:4 | Got a barnacled rune of Zot
 58964 | Shoals:4 | Identified the Papyrus of Confrontation
 58993 | Shoals:4 | Identified the +5 leather armour of Xaxutharr {+Inv} (You found it on level 2 of the Shoals)
 59350 | Shoals:1 | Bought a scroll of identify for 40 gold pieces
 59350 | Shoals:1 | Bought a scroll of enchant weapon for 150 gold pieces
 59350 | Shoals:1 | Bought a scroll of identify for 40 gold pieces
 59350 | Shoals:1 | Bought a scroll of identify for 40 gold pieces
 59350 | Shoals:1 | Bought a scroll of identify for 40 gold pieces
 59350 | Shoals:1 | Bought a scroll of identify for 40 gold pieces
 59350 | Shoals:1 | Bought 2 scrolls of enchant weapon for 300 gold pieces
 59550 | Vaults:1 | Entered Level 1 of the Vaults
 59801 | Vaults:1 | Reached XP level 20. HP: 105/160 MP: 34/34
 60580 | Vaults:2 | Reached skill level 10 in Shields
 61397 | Vaults:2 | Found Bepicrum's Distillery.
 61410 | Vaults:2 | Bought a potion of might for 72 gold pieces
 61410 | Vaults:2 | Bought a potion of curing for 54 gold pieces
 61410 | Vaults:2 | Bought a potion of haste for 180 gold pieces
 61410 | Vaults:2 | Bought a potion of heal wounds for 90 gold pieces
 61410 | Vaults:2 | Bought 2 potions of curing for 108 gold pieces
 61410 | Vaults:2 | Bought a potion of curing for 54 gold pieces
 61889 | Vaults:2 | Reached skill level 15 in Fighting
 61900 | Vaults:2 | Reached skill level 19 in Necromancy
 62019 | Vaults:2 | Found Ejues's Magic Scroll Shoppe.
 62131 | Vaults:2 | Found a staircase to the Crypt.
 63609 | Vaults:3 | Paralysed by a wizard for 4 turns
 63761 | Vaults:3 | Gained mutation: You are occasionally teleported next to monsters. [a neqoxec]
 63770 | Vaults:3 | Reached XP level 21. HP: 123/168 MP: 29/36
 64298 | Vaults:4 | Noticed Frederick
 64307 | Vaults:4 | Killed Frederick
 64357 | Vaults:4 | Reached skill level 15 in Earth Magic
 64709 | Vaults:4 | Reached skill level 20 in Necromancy
 65353 | Vaults:4 | Lost mutation: You are occasionally teleported next to monsters. [potion of mutation]
 65353 | Vaults:4 | Gained mutation: You are dopey. (Int -2) [potion of mutation]
 65353 | Vaults:4 | Gained mutation: You are partially covered in molten scales. (AC +2) [potion of mutation]
 65363 | Vaults:4 | Learned a level 8 spell: Infestation
 65409 | Vaults:5 | Entered Level 5 of the Vaults
 65763 | Vaults:5 | Reached XP level 22. HP: 66/175 MP: 3/38
 66927 | Vaults:5 | Noticed a golden dragon
 66962 | Vaults:5 | Learned a level 3 spell: Regeneration
 66967 | Vaults:5 | Killed from afar by a deep troll earth mage

Vault maps used:
D:1:      dpeg_arrival_three_same_balls
D:3:      lightli_temple_of_fire, fedhas_altar_2, first_ration
D:5:      nicolae_overflow_crystal_walls
D:6:      grunt_temple_overflow_gold_and_silver, minmay_temple_entry_large_hall
D:7:      makhleb_grotto_becter, kennysheep_mini
D:8:      cheibrodos_steamvent, okawaru_metal_pillars_1_2, serial_shops,
          nicolae_shop_behind_doors, solitary_fountain, uniq_maurice,
          uniq_psyche
D:9:      lemuel_crystal_altar, marbit_many_paths, uniq_prince_ribbit1
D:10:     minivault_24
D:11:     lair_entry_dummy
D:12:     minmay_orc_entry_temple_small, basic_altar, serial_shops,
          nicolae_shop_stone, hangedman_ranch, uniq_sonja
D:13:     uniq_josephine, uniq_snorg
D:14:     grunt_vaults_entry_fortified, minmay_misc_feat_nine_boxes,
          guppyfry_shop_earth, uniq_nessos
D:15:     grunt_enter_depths_magical_seal, serial_shops, nicolae_shop_crystal,
          nicolae_shop_statue_plus, shop, shop_coins, nicolae_shop_trees,
          grunt_dithmenos_smoke_and_mirrors
Temple:   nicolae_temple_x_marks_the_god
Lair:1:   uniq_harold
Lair:2:   minmay_shoals_entry_beasts
Lair:3:   spider_nest_entry_web_field, pf_torpor_hydra, lemuel_fruit_tree
Lair:4:   grunt_megastairs_1, infiniplex_staircase_pool
Lair:5:   nicolae_slime_entry_slimehenge, ice2_lemuel
Lair:6:   minmay_lair_end_enchanted_forest, infiniplex_staircase_pool_2
Shoals:1: serial_shops, shop, nicolae_shoals_arrival_archipelago, uniq_kirke,
          uniq_louise
Shoals:2: nicolae_shoals_aquamancer_cove
Shoals:4: shoals_end_hangedman, shoal_ilsuiw
Spider:1: nicolae_spider_mines_1, nicolae_spider_webs_and_nodes
Spider:3: nicolae_spider_cling_halls
Spider:4: spider_rune_water, nicolae_orb_island
Orc:1:    basic_altar
Orc:2:    st_orc_open, bloody_makhleb, uniq_rupert
Elf:1:    eino_elf_arrival_sip, serial_shops, nicolae_shop_window_shopping,
          portal_ice_cave_entry_horrid_things, minmay_elf_necromancy
Elf:2:    uniq_roxanne
Elf:3:    elf_hall, minivault_20
Vaults:1: vaults_room_grunt_arrival_checkpoint,
          vaults_room_grunt_arrival_ludios, v_misc_12,
          nicolae_vaults_yaktaur_gun_rack, nicolae_vaults_ninety_degrees,
          v_misc_26, grunt_vaults_diagonal, vaults_mumra_lcd, vaults_room_grid,
          nicolae_vaults_rhombus_5, ontoclasm_vaults_twist
Vaults:2: minmay_crypt_entry_simple_corners, v_misc_8, vaults_room_hallway,
          v_misc_14, vaults_mumra_minichess_inversion, v_pattern_1,
          vaults_dpeg_hooks, v_misc_26, nicolae_vaults_mini_display_case,
          serial_shops, nicolae_shop_crystal, shop
Vaults:3: nicolae_vaults_hallways_thing, ontoclasm_vaults_spin,
          vaults_room_boxed, nicolae_vaults_fighting_squares,
          nicolae_vaults_three_branches, nicolae_vaults_sealed_display,
          v_misc_16, vaults_room_pool
Vaults:4: v_misc_14, v_rooms_1, vaults_room_octagon, st_cross, v_misc_23,
          hangedman_vaults_cutoff, v_misc_2, v_misc_11,
          vaults_standard_mumra_lines, grunt_vaults_hallway_long, v_misc_9,
          vaults_dpeg_ring, uniq_frederick
IceCv:    ice_cave_tombish

Skill      XL: |  1  2  3  4  5  6  7  8  9 10 11 12 13 14 15 16 17 18 19 20 21 |
---------------+----------------------------------------------------------------+-----
Conjurations   | 3 5 |  5.0
Stealth        | 4 5 6 7 8 9 10 | 10.0
Dodging        | 3 4 5 6 8 10 12 | 12.2
Fighting       | 1 2 4 5 6 7 8 9 11 12 13 14 15 | 15.0
Short Blades   | 2 3 5 7 8 9 10 11 | 11.9
Hexes          | 3 5 6 7 8 9 |  9.0
Spellcasting   | 3 4 5 6 7 8 9 10 11 12 | 12.7
Necromancy     | 1 9 11 12 13 14 15 16 17 18 19 20 | 20.7
Armour         | 2 5 6 8 |  8.0
Shields        | 3 4 7 8 9 10 12 | 12.7
Earth Magic    | 5 9 10 12 13 14 15 | 15.6
Long Blades    | 1 |  1.5

Action                   |  1- 3 |  4- 6 |  7- 9 | 10-12 | 13-15 | 16-18 | 19-21 | 22-24 || total
-------------------------+-------+-------+-------+-------+-------+-------+-------+-------++-------
Melee: Whip              |   130 |       |       |       |       |       |       |       ||   130
       Bite              |    14 |    14 |    40 |   186 |   284 |    58 |   197 |     4 ||   797
       Short sword       |    15 |   205 |    24 |       |   829 |   231 |       |       ||  1304
       Dagger            |       |       |   408 |  1590 |   453 |       |       |       ||  2451
       Scimitar          |       |       |       |       |   407 |       |  1070 |    10 ||  1487
       Long sword        |       |       |       |       |   240 |       |       |       ||   240
       Staff             |       |       |       |       |     4 |     2 |     3 |     3 ||    12
       Rapier            |       |       |       |       |       |   300 |   113 |     7 ||   420
 Cast: Magic Dart        |    24 |     9 |     1 |       |     7 |       |       |       ||    41
       Searing Ray       |     2 |    16 |     3 |       |       |       |       |       ||    21
       Confuse           |       |     1 |    39 |   150 |   241 |     3 |       |     1 ||   435
       Bolt of Draining  |       |       |       |     1 |   137 |    45 |       |       ||   183
       Animate Dead      |       |       |       |       |    14 |    12 |    11 |       ||    37
       Iskenderun's Myst |       |       |       |       |    22 |    39 |       |       ||    61
       Leda's Liquefacti |       |       |       |       |     1 |     2 |       |       ||     3
       Borgnjor's Vile C |       |       |       |       |       |   106 |   170 |    12 ||   288
       Death Channel     |       |       |       |       |       |    11 |    33 |       ||    44
       Vampiric Draining |       |       |       |       |       |       |    18 |     3 ||    21
       Infestation       |       |       |       |       |       |       |     5 |     3 ||     8
       Regeneration      |       |       |       |       |       |       |       |     1 ||     1
Invok: Receive Corpses   |       |       |       |       |     3 |     4 |     2 |       ||     9
       Receive Necronomi |       |       |       |       |     1 |       |       |       ||     1
 Abil: End Transformatio |       |     3 |       |     1 |     6 |       |       |       ||    10
       Bat Form          |       |     3 |       |     1 |     6 |       |       |       ||    10
Evoke: Wand              |       |       |     8 |       |    28 |     5 |     1 |     1 ||    43
       Phial of floods   |       |       |       |       |     1 |     1 |       |     1 ||     3
       Lamp of fire      |       |       |       |       |       |       |     1 |       ||     1
  Use: Potion            |     3 |    10 |    10 |    16 |    56 |    41 |    42 |     6 ||   184
       Scroll            |       |       |    15 |    14 |    23 |    20 |    17 |     2 ||    91
 Stab: Sleeping          |    12 |     6 |    18 |    45 |    22 |    11 |    10 |       ||   124
       Confused          |       |     2 |    23 |    73 |   132 |       |       |       ||   230
       Distracted        |       |     1 |       |       |     7 |     8 |    40 |       ||    56
Armor: Robe              |    28 |    56 |    45 |    82 |    18 |       |       |       ||   229
       Leather armour    |       |       |    42 |   169 |       |       |       |       ||   211
       Ring mail         |       |       |       |       |   445 |   131 |   340 |    25 ||   941
       Chain mail        |       |       |       |       |     5 |       |       |       ||     5
Dodge: Dodged            |    85 |   169 |   273 |   719 |  1179 |   210 |   582 |    33 ||  3250
Block: Other             |       |       |    12 |    53 |       |       |       |       ||    65
       Reflection        |       |       |       |     2 |     1 |    19 |   144 |     6 ||   172
       Buckler           |       |       |       |    59 |   377 |       |       |       ||   436
       Shield            |       |       |       |       |   255 |   307 |  1339 |    73 ||  1974
       Rpst.: Scimitar   |       |       |       |       |   104 |       |    94 |     2 ||   200
       Long sword        |       |       |       |       |    64 |       |       |       ||    64

Table legend:
 A = Spawn XP
 B = Non-spawn XP
 C = Spawn XP percentage of total XP
 D = Spawn monster count
 E = Non-spawn monster count
 F = Spawn count percentage of total count
 G = Total turns spent on level
                    A         B        C        D         E        F      G
               +---------+---------+-------+---------+---------+-------+---------
         Total |       0 |  652456 |   0.0 |       0 |    1676 |   0.0 | 66967
               +---------+---------+-------+---------+---------+-------+---------
           D:1 |       0 |      37 |   0.0 |       0 |      22 |   0.0 |   957
           D:2 |       0 |      54 |   0.0 |       0 |      23 |   0.0 |  2331
           D:3 |       0 |     227 |   0.0 |       0 |      26 |   0.0 |  2158
           D:4 |       0 |     457 |   0.0 |       0 |      21 |   0.0 |  1733
           D:5 |       0 |     570 |   0.0 |       0 |      23 |   0.0 |  1909
           D:6 |       0 |     788 |   0.0 |       0 |      21 |   0.0 |  1270
           D:7 |       0 |    1122 |   0.0 |       0 |      21 |   0.0 |  1336
           D:8 |       0 |    4105 |   0.0 |       0 |      50 |   0.0 |  1788
           D:9 |       0 |    2774 |   0.0 |       0 |      45 |   0.0 |  2152
          D:10 |       0 |    3475 |   0.0 |       0 |      20 |   0.0 |   925
          D:11 |       0 |    5312 |   0.0 |       0 |      30 |   0.0 |  1688
          D:12 |       0 |   11343 |   0.0 |       0 |      67 |   0.0 |  2625
          D:13 |       0 |    6445 |   0.0 |       0 |      20 |   0.0 |  1148
          D:14 |       0 |   11817 |   0.0 |       0 |      24 |   0.0 |  2124
          D:15 |       0 |   12035 |   0.0 |       0 |      35 |   0.0 |  1513
        Lair:1 |       0 |    4652 |   0.0 |       0 |      19 |   0.0 |  1303
        Lair:2 |       0 |    3421 |   0.0 |       0 |      13 |   0.0 |  1047
        Lair:3 |       0 |    7104 |   0.0 |       0 |      23 |   0.0 |  2831
        Lair:4 |       0 |    7762 |   0.0 |       0 |      28 |   0.0 |  1800
        Lair:5 |       0 |   11698 |   0.0 |       0 |      48 |   0.0 |  2537
        Lair:6 |       0 |   16972 |   0.0 |       0 |      91 |   0.0 |  2236
      Shoals:1 |       0 |   10276 |   0.0 |       0 |      19 |   0.0 |   490
      Shoals:2 |       0 |   14461 |   0.0 |       0 |      35 |   0.0 |   505
      Shoals:3 |       0 |   16495 |   0.0 |       0 |      41 |   0.0 |   780
      Shoals:4 |       0 |   27731 |   0.0 |       0 |      63 |   0.0 |   754
      Spider:1 |       0 |   12509 |   0.0 |       0 |      43 |   0.0 |   920
      Spider:2 |       0 |    3088 |   0.0 |       0 |      12 |   0.0 |   219
      Spider:3 |       0 |   10807 |   0.0 |       0 |      26 |   0.0 |   457
      Spider:4 |       0 |   37605 |   0.0 |       0 |     109 |   0.0 |   658
         Orc:1 |       0 |    4063 |   0.0 |       0 |      29 |   0.0 |  2049
         Orc:2 |       0 |   16871 |   0.0 |       0 |      42 |   0.0 |  1615
         Elf:1 |       0 |   16628 |   0.0 |       0 |      30 |   0.0 |  2528
         Elf:2 |       0 |   27965 |   0.0 |       0 |      36 |   0.0 |  3903
         Elf:3 |       0 |   60476 |   0.0 |       0 |      58 |   0.0 |  3052
      Vaults:1 |       0 |   27524 |   0.0 |       0 |      52 |   0.0 |  1685
      Vaults:2 |       0 |   60640 |   0.0 |       0 |     102 |   0.0 |  1606
      Vaults:3 |       0 |   46768 |   0.0 |       0 |      87 |   0.0 |  1211
      Vaults:4 |       0 |   57636 |   0.0 |       0 |      89 |   0.0 |  2743
      Vaults:5 |       0 |   78756 |   0.0 |       0 |     105 |   0.0 |   172
         IceCv |       0 |    9987 |   0.0 |       0 |      28 |   0.0 |  3977
               +---------+---------+-------+---------+---------+-------+---------
